Cogmind - Beta 15 *** ADVENTURER MODE // 2025.06.11 @ 13:46:17 Player: triibiis Result: Self-destructed Performance ------------- Evolutions (2) 1000 Regions Visited (4) 800 Robots Destroyed (26) 130 Value Destroyed (541) 541 Prototype IDs (1) 20 Alien Tech Used (0) 0 Bonus (0) 0 TOTAL SCORE: 2491 Bonus ------- None Cogmind --------- Core Integrity 460/550 Matter 234/300 Energy 100/100 System Corruption 4% Temperature Cool (9) Movement Core (50) Location -8/Materials Parts ------- > --- POWER (2) -------- (None) > --- PROPULSION (4) --- (None) > --- UTILITY (2) ------ Structural Scanner > --- WEAPON (3) ------- (None) > --- INVENTORY (5) ---- Light Ion Engine Small Storage Unit Peak State ------------ > --- POWER ------------ Light Ion Engine Cooled Deuterium Engine > --- PROPULSION ------- Flight Unit Flight Unit Flight Unit > --- UTILITY ---------- Structural Scanner Seismic Detector > --- WEAPON ----------- Medium Laser Assault Rifle Light Cannon > --- INVENTORY -------- Light Ion Engine Small Storage Unit [Rating: 14] Favorites ----------- Power Ion Engine Engine Ion Engine Propulsion Flight Unit Wheel Compact Wheel Flight Unit Flight Unit Utility Seismic Detector Device Seismic Detector Storage Large Storage Unit Weapon Medium Laser Energy Gun Medium Laser Ballistic Gun Assault Rifle Ballistic Cannon Light Cannon Build | -11 -10 -9 -9 -8 ------- Run | Yrd Mat Mat Min Mat Slots Evolved 4 | . . 2 . 2 Power 1 | . . . . 1 Propulsion 2 | . . 2 . . Utility . | . . . . . Weapon 1 | . . . . 1 Parts Attached 18 | 6 3 5 . 4 Power 5 | 1 . 1 . 3 Engine 5 | 1 . 1 . 3 Core . | . . . . . Reactor . | . . . . . Propulsion 5 | 2 . 3 . . Treads . | . . . . . Leg . | . . . . . Wheel 2 | 2 . . . . Hover . | . . . . . Flight 3 | . . 3 . . Utility 4 | 1 2 1 . . Device 2 | . 1 1 . . Storage 2 | 1 1 . . . Processor . | . . . . . Hackware . | . . . . . Protection . | . . . . . Artifact . | . . . . . Weapon 4 | 2 1 . . 1 Energy Gun 2 | 2 . . . . Energy Cannon . | . . . . . Ballistic Gun 1 | . . . . 1 Ballistic Cannon 1 | . 1 . . . Launcher . | . . . . . Special Weapon . | . . . . . Impact Weapon . | . . . . . Slashing Weapon . | . . . . . Piercing Weapon . | . . . . . Special Melee Weapon . | . . . . . Unidentified Prototypes 1 | . . . . 1 Parts Lost 8 | . . . . 8 Power 1 | . . . . 1 Propulsion 3 | . . . . 3 Utility 1 | . . . . 1 Weapon 3 | . . . . 3 Highest Loss Streak 7 | . . . . 7 To Critical Strikes . | . . . . . Average Backups 4 | 1 6 3 3 2 Power 1 | . 1 1 1 . Propulsion 1 | . 2 . . . Utility . | . . 1 1 1 Weapon . | . 1 1 1 . Tool/Special . | . . . . . Unused Backups . | . . . . . Power . | . . . . . Propulsion . | . . . . . Utility . | . . . . . Weapon . | . . . . . Tool/Special . | . . . . . Average Slot Usage (%) 88 | . 98 84 88 68 Engine 12 | . 14 11 11 9 Wheel 15 | . 28 1 . . Flight 10 | . . 29 33 16 Device 15 | . 12 19 22 17 Storage 7 | . 14 1 . . Energy Gun 17 | . 25 11 11 7 Ballistic Gun 2 | . . . . 8 Ballistic Cannon 5 | . 2 11 11 9 Peak Build Rating 14 | 6 7 8 8 14 Average Rating 7 | 5 6 7 8 7 On Entrance 5 | . 6 7 8 8 Naked Turns . | . . . . . Heaviest Build 31 | 13 31 10 10 12 Greatest Support 26 | 26 26 12 12 12 Greatest Overweight (x) 2 | . 1 . . 2 Average Overweight (x) . | . . . . . Largest Inventory Capacity 15 | 8 15 15 5 5 Average Capacity 10 | 7 14 5 5 5 Most Carried 7 | 2 7 7 3 3 Average Carried 4 | 1 6 3 3 2 Final Capacity 15 | 8 15 5 5 5 Final Carried 7 | 2 7 3 3 2 Class Distribution -------------------- 81% | Mutant 11% | Skirmisher 6% | Scavenger-Skirmisher Dominant Class ---------------- Mutant | -10/Materials Mutant | -9/Materials Mutant | -9/Mines Skirmisher | -8/Materials Resources | -11 -10 -9 -9 -8 ----------- Run | Yrd Mat Mat Min Mat Matter Collected 464 | 247 36 94 . 87 Remotely . | . . . . . Salvage Created 724 | . 280 170 . 274 Parts 56 | . 29 16 . 11 Haulers Intercepted 1 | . 1 . . . Recyclers Shooed . | . . . . . Parts Field Recycled . | . . . . . Retrieved Matter . | . . . . . Parts Self-Destructed . | . . . . . Prevented . | . . . . . Kills | -11 -10 -9 -9 -8 ------- Run | Yrd Mat Mat Min Mat Combat Hostiles Destroyed 19 | . 11 4 . 4 Guns 11 | . 8 1 . 2 Cannons 7 | . 2 3 . 2 AOE 1 | . 1 . . . Classes Destroyed 9 | . 5 3 . 1 Worker 1 | . . 1 . . Builder 1 | . 1 . . . Hauler 1 | . 1 . . . Recycler 2 | . . . . 2 Operator 1 | . . 1 . . Watcher 1 | . 1 . . . Swarmer 10 | . 8 . . 2 Grunt 6 | . 3 3 . . Sentry 3 | . . 1 . 2 Best Kill Streak 5 | . 5 4 . 3 Combat Bots Only 3 | . 3 2 . 2 Max Kills in Single Turn 3 | . 3 2 . 1 Gunslinging . | . . . . . Exploded 1 | . 1 . . . Melee . | . . . . . Uniques/NPCs Destroyed . | . . . . . Combat | -11 -10 -9 -9 -8 -------- Run | Yrd Mat Mat Min Mat Hostile Shots Fired 151 | . 69 25 . 57 Missed 49 | . 22 9 . 18 Hits 102 | . 47 16 . 39 Projectile 102 | . 47 16 . 39 Critical Strikes 2 | . 1 . . 1 Damage Taken 829 | . 278 161 . 390 Core 221 | . 74 57 . 90 Absorbed by Shields . | . . . . . Ignored by Resistances 257 | . 97 47 . 113 Core Remaining (%) 85 | 100 70 . 85 . Volleys Fired 56 | . 28 12 . 16 Largest 3 | . 2 2 . 3 Hottest 100 | . 90 80 . 100 Shots Fired 116 | . 51 22 . 43 Gun 82 | . 45 10 . 27 Cannon 34 | . 6 12 . 16 Launcher . | . . . . . Special . | . . . . . Kinetic 50 | . 6 12 . 32 Thermal 66 | . 45 10 . 11 Explosive . | . . . . . Electromagnetic . | . . . . . Robot Hit Streak 12 | . 12 7 . 8 Robot Miss Streak 5 | . 5 2 . 3 Penetration Max . | . . . . . Secondary Targets 1 | . 1 . . . Max Gunslinging Chain 1 | . 1 . . . Shots Hit Robots 71 | . 27 16 . 28 Core Hits 36 | . 17 9 . 10 Critical Kills . | . . . . . Critical Parts Destroyed . | . . . . . Critical Strikes 6 | . 3 1 . 2 Burn 6 | . 3 1 . 2 Melee Attacks . | . . . . . Impact . | . . . . . Slashing . | . . . . . Piercing . | . . . . . Sneak Attacks . | . . . . . Combat Hostiles . | . . . . . Follow-up Attacks . | . . . . . Damage Inflicted 1273 | . 591 268 . 414 Guns 605 | . 293 89 . 223 Cannons 422 | . 52 179 . 191 Explosions 246 | . 246 . . . Melee . | . . . . . Ramming . | . . . . . Kinetic 558 | . 52 179 . 327 Thermal 715 | . 539 89 . 87 Explosive . | . . . . . Electromagnetic . | . . . . . Impact . | . . . . . Slashing . | . . . . . Piercing . | . . . . . Highest Corruption 4 | . . . . 4 Average Corruption 4 | . . . . 4 Corruption Purged . | . . . . . Corruption Blocked . | . . . . . Effects 2 | . . . . 2 Message Errors 1 | . . . . 1 Matter Fused 1 | . . . . 1 Overload Shots . | . . . . . Overflow Damage 37 | . 37 . . . Projectiles . | . . . . . Explosions 37 | . 37 . . . Melee . | . . . . . Knockbacks 2 | . . . . 2 Impact . | . . . . . Kinetic 2 | . . . . 2 Secondary . | . . . . . Self-Inflicted Damage . | . . . . . Shots . | . . . . . Rammed . | . . . . . Targets Rammed . | . . . . . Kicked . | . . . . . Crushed . | . . . . . Highest Temperature 210 | . 210 198 . 130 Average Temperature 66 | . 70 66 . 58 Received Heat Transfer 303 | . 24 99 . 180 Effects 1 | . 1 . . . Interference 1 | . 1 . . . Siege Activations . | . . . . . Martial Activations . | . . . . . Shielding Activations . | . . . . . Robots Disrupted . | . . . . . Combat Hostiles . | . . . . . Robots Corrupted . | . . . . . Combat Hostiles . | . . . . . Parts Fried . | . . . . . Impact Corruptions . | . . . . . Robots Melted . | . . . . . Combat Hostiles . | . . . . . Parts Melted . | . . . . . Heat Transferred 1881 | . 1141 333 . 407 Parts Sabotaged . | . . . . . Parts Stolen . | . . . . . Parts Stripped . | . . . . . Power Chain Reactions . | . . . . . Alert | -11 -10 -9 -9 -8 ------- Run | Yrd Mat Mat Min Mat Maximum Alert Level 1 | . 1 . . . Low Security (%) 96 | 100 92 100 100 100 Level 1 3 | . 7 . . . Level 2 . | . . . . . Level 3 . | . . . . . Level 4 . | . . . . . Level 5 . | . . . . . High Security . | . . . . . Max Security . | . . . . . Peak Influence 234 | . 234 146 44 78 Initial 76 | . . 76 44 14 Average 74 | . 99 109 44 45 Influence Increases 611 | . 354 100 . 157 Destroy 0b10 Robot/C 380 | . 220 80 . 80 Destroy 0b10 Robot/NC 35 | . 15 10 . 10 Destroy Leader 74 | . 44 10 . 20 Successful Hack 26 | . 20 . . 6 Disable Machine 45 | . 36 . . 9 Destroy Structure 21 | . 19 . . 2 Lose Combat Pursuer 30 | . . . . 30 Influence Decreases 584 | . 140 178 92 174 Entered New Map 260 | . . 138 92 30 Time Decay 244 | . 140 40 . 64 Lost Part 80 | . . . . 80 Squads Dispatched 4 | . 3 . . 1 Investigation 4 | . 3 . . 1 Extermination . | . . . . . Reinforcement . | . . . . . Assault . | . . . . . Garrison . | . . . . . Intercept . | . . . . . Searches Triggered . | . . . . . Construction Impeded . | . . . . . Haulers Reinforced . | . . . . . Active Scanning Responses . | . . . . . Cargo Convoy Interrupts . | . . . . . Stealth | -11 -10 -9 -9 -8 --------- Run | Yrd Mat Mat Min Mat Distress Signals 1 | . . . . 1 Communications Jammed . | . . . . . Distress Signals . | . . . . . Times Spotted 36 | . 17 7 . 12 Peak Tracking Total 9 | . 5 4 . 9 Tactical Retreats 1 | . . . . 1 Traps | -11 -10 -9 -9 -8 ------- Run | Yrd Mat Mat Min Mat Traps Triggered . | . . . . . Indirectly . | . . . . . Trap Hack Attempts . | . . . . . Triggered . | . . . . . Disarmed . | . . . . . Reprogrammed . | . . . . . Reused . | . . . . . Traps Extracted . | . . . . . Installed . | . . . . . Triggered . | . . . . . Machines | -11 -10 -9 -9 -8 ---------- Run | Yrd Mat Mat Min Mat Machines Disabled 5 | . 4 . . 1 Max in Single Turn 4 | . 4 . . 1 Machines Repaired . | . . . . . Machines Dismantled . | . . . . . Machines Sabotaged . | . . . . . Overloaded Fab Kills . | . . . . . Hacking | -11 -10 -9 -9 -8 --------- Run | Yrd Mat Mat Min Mat Machines Accessed 4 | . 3 . . 1 Terminals 4 | . 3 . . 1 Fabricators . | . . . . . Repair Stations . | . . . . . Recycling Units . | . . . . . Scanalyzers . | . . . . . Garrison Access . | . . . . . Total Hacks 16 | . 13 . . 3 Successful 6 | . 4 . . 2 Failed 10 | . 9 . . 1 Catastrophic 3 | . 3 . . . Database Lockouts . | . . . . . Manual 8 | . 5 . . 3 Terminals 16 | . 13 . . 3 Fabricators . | . . . . . Repair Stations . | . . . . . Recycling Units . | . . . . . Scanalyzers . | . . . . . Garrison Access . | . . . . . Terminal Hacks 6 | . 4 . . 2 Record 6 | . 4 . . 2 Fabricator Hacks . | . . . . . Repair Station Hacks . | . . . . . Recycling Unit Hacks . | . . . . . Scanalyzer . | . . . . . Garrison Access Hacks . | . . . . . Unauthorized Hacks . | . . . . . Terminals . | . . . . . Fabricators . | . . . . . Repair Stations . | . . . . . Recycling Units . | . . . . . Scanalyzers . | . . . . . Garrison Access . | . . . . . Data Cores Recovered 1 | . . 1 . . Used . | . . . . . Hacking Detections 4 | . 3 . . 1 Full Trace Events 4 | . 3 . . 1 Feedback Events . | . . . . . Feedback Blocked . | . . . . . Robot Schematics Acquired . | . . . . . Robots Built . | . . . . . Authchips . | . . . . . Time . | . . . . . Total Robot Build Rating . | . . . . . Part Schematics Acquired . | . . . . . Parts Built . | . . . . . Authchips . | . . . . . Time . | . . . . . Total Part Build Rating . | . . . . . Parts Repaired . | . . . . . Time . | . . . . . Parts Recycled . | . . . . . Recycled Matter . | . . . . . Retrieved Matter . | . . . . . Retrieved Components . | . . . . . Parts Scanalyzed . | . . . . . Part Schematics Acquired . | . . . . . Parts Damaged . | . . . . . Bothacking | -11 -10 -9 -9 -8 ------------ Run | Yrd Mat Mat Min Mat Used RIF Installer . | . . . . . Robots Hacked . | . . . . . Non-combat . | . . . . . Combat . | . . . . . Robot Hacks Applied . | . . . . . Relay Couplers Released . | . . . . . Fabnet Peak Effective % . | . . . . . Robots Rewired . | . . . . . Allies Hacked . | . . . . . Hacks Repelled . | . . . . . Allies | -11 -10 -9 -9 -8 -------- Run | Yrd Mat Mat Min Mat Total Allies . | . . . . . Largest Group . | . . . . . Highest-Rated Group . | . . . . . Highest-Rated Ally . | . . . . . Total Orders . | . . . . . Ally Attacks . | . . . . . Total Damage . | . . . . . Kills . | . . . . . Allies Corrupted . | . . . . . Allies Melted . | . . . . . Intel | -11 -10 -9 -9 -8 ------- Run | Yrd Mat Mat Min Mat Active Infowar (turns) 548 | . 301 82 9 156 Structural 237 | . . 72 9 156 Seismic 534 | . 301 82 9 142 Robot Analysis Total . | . . . . . Derelict Logs Recovered . | . . . . . Drone Launches . | . . . . . Drone Recoveries . | . . . . . Exploration | -11 -10 -9 -9 -8 ------------- Run | Yrd Mat Mat Min Mat Turns Passed 647 | 79 321 82 9 156 Spaces Moved 590 | 77 226 118 27 142 Core 7 | 2 . . . 5 Treads . | . . . . . Legs . | . . . . . Wheels 301 | 75 226 . . . Hover . | . . . . . Flight 282 | . . 118 27 137 Fastest Speed 34 | 50 90 34 34 34 Average Speed 76 | 89 103 34 34 69 Slowest Speed 200 | 100 105 34 34 200 Overloaded Moves . | . . . . . Propulsion Burnouts . | . . . . . Robots Hopped 2 | . . 2 . . Potential Cave-ins . | . . . . . Cave-ins Triggered . | . . . . . Exploration Rate (%) 17 | 4 40 17 11 15 Regions Visited 4 Branch Regions 1 Pre-discovered Areas . | . . . . . Known Exits Taken . | . . . . . Unknown Exits Taken 4 | 1 1 1 1 . Scrap Searched . | . . . . . Spaces Dug . | . . . . . Terrain Destroyed 22 | . 22 . . . Melee . | . . . . . Projectile . | . . . . . AOE 22 | . 22 . . . Terrain Rammed . | . . . . . Walls Destroyed . | . . . . . Machines Disabled . | . . . . . Actions | -11 -10 -9 -9 -8 --------- Run | Yrd Mat Mat Min Mat Total 672 | 84 261 136 26 165 Wait . | . . . . . Move 582 | 76 225 113 26 142 Hop 2 | . . 2 . . Pick Up 6 | 2 4 . . . Fast Attach 11 | 6 2 1 . 2 Attach 6 | . . 4 . 2 Detach 1 | . . . . 1 Swap 1 | . 1 . . . Drop 7 | . 1 4 . 2 Fire 56 | . 28 12 . 16 Melee . | . . . . . Ram . | . . . . . Kick . | . . . . . Crush . | . . . . . Escape Stasis . | . . . . . Rewire . | . . . . . Trap . | . . . . . Miscellaneous . | . . . . . Route ------- -11/Scrapyard -10/Materials (discovered 3 exits: [*Mat] / [*Min] / [*Sub]) -9/Materials -9/Mines -8/Materials History --------- Turn | Location | Event 18 | -11/Scrapyard | Discovered new exit (range 15) 80 | -11/Scrapyard | Entered Materials 192 | -10/Materials | Discovered new exit (range 9) 299 | -10/Materials | Discovered new exit (range 8) 315 | -10/Materials | Build established: Mutant 390 | -10/Materials | Discovered new exit (range 8) 401 | -10/Materials | Entered another Materials area 401 | -9/Materials | Evolved 2 slots: Propulsion x2 453 | -9/Materials | Discovered new exit (range 16) 483 | -9/Materials | Entered Mines 488 | -9/Mines | Discovered new exit (range 11) 492 | -9/Mines | Entered Materials 492 | -8/Materials | Evolved 2 slots: Power x1, Weapon x1 648 | -8/Materials | Self-destructed Last Messages --------------- L0G F%BNP0RI2Y3LXLQFQI W-25 Informer distress signal alerts nearby ally. K-01 Serf collects debris. R-06 Scavenger collects Tractor Beam. K-01 Serf collects debris. Med. Laser destroyed. R-06 Scavenger collects Sml. Storage Unit. K-01 Serf collects debris. Atomic Centrifuge disabled. R-06 Scavenger collects Lgt. Ion Engine. Seismic Detector destroyed. S-10 Pest destroyed. System corrupted: Matter fused (-6). Lgt. Ion Engine destroyed. Flight Unit destroyed. G-47 Trooper knocked back. R-06 Scavenger collects Flight Unit. Assault Rifle destroyed. Lgt. Cannon destroyed. Map ----- +----------------------------------------------------+ | ?????????????????????????????????????????????????? | | ?????????????????????????????????????????????????? | | ?????????????????????????????????????????????????? | | ?????????????????????????????????????????????????? | | ?????????????????????????????????????????????????? | | ?????????????????????????????????????????????????? | | ?????????????????????????????????????????????????? | | ?????????????????????????????????????????????????? | | ?????????????????????????????????????????????????? | | ?????????????????????????????????????????????????? | | ?????????????????????????????????????????????????? | | ?????????????????????????????????????????????????? | | ?????????????????????????????????????????????????? | | ???????????????????????????????????????? ????????? | | ???????????????????????????????????????? ????????? | | ??????????????????????????????????????? ???????? | | ??????????????????????????????? ?????#/#???????? | | ???????????????????????????????###?????# #???????? | | ??????????????????????????????? ?????? ????????? | | ??????????????????????????????? ?????## ##??????? | | ???????????????? #??????? ?????## ## ?????? | | ????????????????########### #### ## ##???? | | ???????????? ##### ########+#######% # ###### | | ????????? # ##### s g g % # ###### | | ????????? # % Y % ##???# # | | ????????? #+????## % s@ g #######% ##? | | ????????????????## r ########/########% ##? | | ????????????????####??##### %/%% ##? | | ????????????????####?????## %#### #####/##? | | ?????????????????????????## " #### ### ? | | ?????????????????????????## """ #### ##??????? | | ?????????????????????????## "" """ #### ##??????? | | ?????????????????????????## "T #### ##??????? | | ?????????????????????????## "" #### ##??????? | | ?????????????????????????## #### ##??????? | | ?????????????????????????############### ##??????? | | ????????????????????????? # #### ######??? | | ????????????????????????? # = ####+######??? | | ????????????????????????? # ### ##??? | | ????????????????????????? #==! ### """##??? | | ????????????????????????? #=!! + + """##??? | | ????????????????????????? #=! ### """##??? | | ????????????????????????? # ### ##??? | | ???????????????????????? # ### ##### | | ????????????????????????######+###########/####### | | ???????????????????????? | | ???????????????????????? | | ???????????????????????? ! | | ????????????????????????############## | | ???????????????????????? ############# """ """ | +----------------------------------------------------+ Best States ------------- Heat Dissipation 31 Energy Generation 10 Energy Capacity 250 Matter Stores 300 Matter Capacity 300 Sight Range 16 Terrain Scan Density 10 Resistance: KI 20 Resistance: TH 20 Resistance: EX 20 Resistance: EM 20 Resistance: I 20 Resistance: S 20 Resistance: P 20 Evasion (%) 63 Offensive Hacking 10 Item Schematics ----------------- None Robot Schematics ------------------ None Fabricated ------------ Nothing Repaired ---------- Nothing Alien Tech Used ----------------- None Achievements -------------- None Challenges ------------ None Game ------ Seed SurveybotMyomerShell Manual? 0 Play Time 00:16:56 Cumulative 16.5 hours Start 2025.06.11 @ 13:10:58 End 2025.06.11 @ 13:46:17 Sessions 1 Manual Loads 0 Difficulty Adventurer Special Mode None Game No. 45 Rogue 0 Adventurer 45 Explorer 0 Win Type - Total 0 Types 0/0/0/0/0/0/0/0/0/0 Lore% 18 Gallery% 16 Achievement% 19 Wizard Run 0 Options --------- Layout 1 ASCII 0 Keyboard 0 Movement Arrows Keybinds 0 Fullscreen 1 Font 36/Smallcaps Map View 50x43 Zoom Use 0% Tactical HUD 0 Map Filters NONE Filters NONE Steam 1 RUN: d6a33102-a5b0-45e8-9887-51422908304b